 Dungeon Crawl Stone Soup version 0.18-a0-1484-g95ebbe1 (webtiles) character file.

1654 CopycatKevin the Ducker (level 8, 0/78 HPs)
             Began as a Troll Fighter on Mar 3, 2016.
             Was a Believer of Okawaru.
             Slain by a troll (6 damage)
             ... on level 7 of the Dungeon.
             The game lasted 00:16:33 (4925 turns).

CopycatKevin the Ducker (Troll Fighter)             Turns: 4925, Time: 00:16:34

Health: 0/78       AC:  6    Str: 27    XL:     8   Next: 68%
Magic:  5/7        EV: 13    Int:  4    God:    Okawaru [**....]
Gold:   404        SH: 11    Dex:  9    Spells: 0 memorised, 7 levels left

rFire  . . .     SeeInvis .       - Unarmed
rCold  . . .     Gourm    +     a - +0 robe
rNeg   . . .     Faith    .     b - +0 shield
rPois  .         Spirit   .     (helmet restricted)
rElec  .         Dismiss  .     j - +0 cloak
rCorr  .         Reflect  .     (gloves unavailable)
SustAt .         Harm     .     (boots unavailable)
MR     .....                    (no amulet)
Stlth  ++........               (no ring)
                                (no ring)

@: heroism, not resistant to hostile enchantments, unstealthy
A: unfitting armour, claws 3, fast metabolism 3, gourmand, regeneration 2,
shaggy fur 1, tough skin 2
a: Heroism, Renounce Religion


You were on level 7 of the Dungeon.
You worshipped Okawaru.
Okawaru was pleased with you.
You were very full.

You visited 1 branch of the dungeon, and saw 7 of its levels.

You collected 404 gold pieces.

Inventory:

Hand Weapons
 l - a +0 giant spiked club
Armour
 a - a +0 robe (worn)
 b - a +0 shield (worn)
 j - a +0 cloak (worn)
Wands
 x - a wand of digging (14/24)
 y - a wand of polymorph (9/24)
 B - a wand of teleportation (6/9)
Scrolls
 g - 3 scrolls of enchant weapon {unknown}
 k - 10 scrolls of identify {unknown}
 n - a scroll of recharging {unknown}
 o - 6 scrolls of remove curse {unknown}
 p - a scroll of random uselessness {unknown}
 s - a scroll of noise {unknown}
 w - a scroll of magic mapping {unknown}
 E - a scroll of teleportation {unknown}
Potions
 c - 2 potions of might
 e - 2 potions of curing {unknown}
 f - 3 potions of degeneration {unknown}
 i - a potion of lignification {unknown}
 q - a potion of invisibility {unknown}
 r - 2 potions of berserk rage {unknown}
 u - 4 potions of flight {unknown}
 C - a potion of heal wounds {unknown}
Books
 v - a book of Cantrips

   Spells                             Type                      Level
   a - Corona                         Hexes                        1
   b - Animate Skeleton               Necromancy                   1
   c - Summon Small Mammal            Summoning                    1
   d - Apportation                    Translocation                1
 A - a Necronomicon

   Spells                             Type                      Level
   a - Haunt                          Necromancy/Summoning         7
   b - Borgnjor's Revivification      Necromancy                   8
   c - Death's Door                   Charms/Necromancy            8
   d - Necromutation                  Transmutation/Necromancy     8
Comestibles
 d - 5 bread rations
 h - 3 beef jerkies
 m - 8 fruits
 t - 2 slices of pizza
 z - a royal jelly
 D - 2 chunks of flesh


   Skills:
 + Level 4.1(9.1) Fighting
 + Level 6.0(11.0) Dodging
 + Level 1.1(6.1) Stealth
 + Level 4.8(9.8) Shields
 * Level 5.9(10.9) Unarmed Combat


You had 7 spell levels left.
You didn't know any spells.

Dungeon Overview and Level Annotations

Branches:
Dungeon (7/15)             Temple (0/1) D:5

Altars:
Ashenzari
Dithmenos
Elyvilon
Fedhas
Kikubaaqudgha
Makhleb
Okawaru
Pakellas
Qazlal
Ru
Xom
Zin


Innate Abilities, Weirdness & Mutations

You are too large for most types of armour.
You have claws for hands.
Your metabolism is lightning-fast.
You like to eat raw meat.
You heal very quickly.
You are covered in fur (AC +1).
You have very tough skin (AC +2).


Message History

* * * LOW HITPOINT WARNING * * *
The troll claws you.
* * * LOW HITPOINT WARNING * * *
You block the troll's attack.
You gain the combat prowess of a mighty hero.
You feel slightly less full. The troll completely misses you.
The troll claws you!
* * * LOW HITPOINT WARNING * * *
The troll closely misses you.
Drink which item? (? for menu, Esc to quit)
Okay, then.
You scratch the troll.
The troll is moderately wounded.
You mangle the troll!!
The troll is almost dead.
You block the troll's attack. x3
You closely miss the troll.
The troll is almost dead.
The troll completely misses you. The troll claws you.
You die...

.....# #...#......#
.....# #...#......#
.....# #...#......+
.#+#.#######..#......#
.+...........###.....#
.#..#.....#....'.....#
.#..'.....'....#.....#
.#..#.....#....#..%..#
.#..#.....######@....#
.#..#...........T....#
.'..#................#
.#..#................#
.#..#................#
.#..#................#
##..#..>.............#
....#...........<....#
....#.............


You could see a troll.

Vanquished Creatures
  Sigmund (D:3)
  Eustachio (D:5)
  The ghost of kGEAR the Caller, an amateur TeSu (D:3)
  An orc warrior (D:6)
  A sky beast (D:7)
  A black bear (D:6)
  An ice beast (D:7)
  A phantom (D:6)
  3 ogres
  An orc priest (D:5)
  Crazy Yiuf (D:2)
  A hound (D:5)
  3 orc wizards
  A giant frog skeleton (D:5)
  Jessica (D:2)
  2 worker ants (D:4)
  A hound zombie (D:6)
  2 hound skeletons
  Robin (D:3)
  6 adders
  4 gnolls
  An ooze (D:3)
  2 worms
  A dart slug (D:4)
  2 giant geckos (D:6)
  19 orcs
  2 giant cockroaches
  17 goblins
  9 hobgoblins
  10 jackals (D:4)
  9 kobolds
  2 quokkas
  5 bats
  7 giant newts
  A jackal zombie (D:5)
  A quokka skeleton (D:4)
  3 rats
126 creatures vanquished.

Notes
Turn   | Place    | Note
--------------------------------------------------------------
     0 | D:1      | CopycatKevin the Troll Fighter began the quest for the Orb.
     0 | D:1      | Reached XP level 1. HP: 22/22 MP: 0/0
    84 | D:1      | Reached XP level 2. HP: 29/29 MP: 1/1
   656 | D:2      | Noticed Crazy Yiuf
   662 | D:2      | Killed Crazy Yiuf
   662 | D:2      | Reached skill level 3 in Dodging
   662 | D:2      | Reached XP level 3. HP: 6/36 MP: 2/2
   829 | D:2      | Found an iron altar of Okawaru.
   875 | D:2      | Became a worshipper of Warmaster Okawaru
   948 | D:2      | Noticed Jessica
   953 | D:2      | Killed Jessica
   953 | D:2      | Reached XP level 4. HP: 44/44 MP: 3/3
  1011 | D:2      | Found a shattered altar of Ashenzari.
  1465 | D:3      | Noticed kGEAR's ghost (amateur TeSu)
  1479 | D:3      | Killed kGEAR's ghost
  1479 | D:3      | Reached * piety under Okawaru
  1479 | D:3      | Reached XP level 5. HP: 43/53 MP: 4/4
  1487 | D:3      | Noticed Sigmund
  1499 | D:3      | Killed Sigmund
  1499 | D:3      | Reached skill level 4 in Dodging
  1499 | D:3      | Reached XP level 6. HP: 61/61 MP: 5/5
  1672 | D:3      | Noticed Robin
  1719 | D:3      | Killed Robin
  2143 | D:3      | Found a shadowy altar of Dithmenos.
  2312 | D:4      | Reached XP level 7. HP: 30/67 MP: 6/6
  2439 | D:4      | Found a sacrificial altar of Ru.
  2500 | D:4      | Found an oddly glowing altar of Pakellas.
  2664 | D:4      | Found an ancient bone altar of Kikubaaqudgha.
  2892 | D:4      | Reached skill level 1 in Stealth
  3078 | D:5      | Entered Level 5 of the Dungeon
  3196 | D:5      | Noticed Eustachio
  3214 | D:5      | Killed Eustachio
  3214 | D:5      | Reached ** piety under Okawaru
  3214 | D:5      | Reached skill level 5 in Dodging
  3286 | D:5      | Found a staircase to the Ecumenical Temple.
  3436 | D:5      | Found a sacrificial altar of Ru.
  3570 | D:6      | Reached XP level 8. HP: 37/78 MP: 7/7
  3612 | D:6      | Found a white marble altar of Elyvilon.
  3615 | D:6      | Found a burning altar of Makhleb.
  4078 | D:6      | Found a blossoming altar of Fedhas.
  4103 | D:6      | Reached skill level 5 in Unarmed Combat
  4114 | D:6      | Found a stormy altar of Qazlal.
  4468 | D:6      | Found a shimmering altar of Xom.
  4469 | D:6      | Found a glowing silver altar of Zin.
  4809 | D:7      | Reached skill level 6 in Dodging
  4910 | D:7      | Noticed a troll
  4925 | D:7      | Slain by a troll

Vault maps used:
D:1:      scummos_arrival_forest
D:2:      okawaru_altar_gauntlet_db, evilmike_ruin_ashenzari,
          corexii_item_surrounded_by_moat, uniq_crazy_yiuf_cottage, uniq_jessica
D:3:      nicolae_dithmenos_through_a_glass_darkly, minmay_cupped, uniq_robin,
          uniq_sigmund
D:4:      nicolae_overflow_crystal_walls, grunt_pakellas_sulfur,
          lemuel_round_altar, first_bread, kennysheep_another_room,
          nicolae_underground_beach
D:5:      temple_fountains, nicolae_ru_the_path_less_chosen, uniq_eustachio
D:6:      grunt_temple_overflow_forces_of_nature, nicolae_overflow_hidden_temple

Skill      XL: |  1  2  3  4  5  6  7  8 |
---------------+-------------------------+-----
Dodging        | 3 4 5 6 |  6.0
Shields        | 3 4 |  4.8
Fighting       | 3 4 |  4.1
Unarmed Combat | 4 5 |  5.9
Stealth        | 1 |  1.1

Action                   |  1- 3 |  4- 6 |  7- 9 || total
-------------------------+-------+-------+-------++-------
Melee: Unarmed           |    90 |   160 |   232 ||   482
Invok: Heroism           |       |     2 |     2 ||     4
 Stab: Sleeping          |     2 |       |     1 ||     3
  Eat: Chunk             |    14 |    11 |    26 ||    51
